Washington Capitals vs Pittsburgh Penguins
(R1)
Created - Saturday, February 15, 2025 at 08:10
Goals
|
| Washington Capitals |
3 |
2 |
1 |
6 |
| Pittsburgh Penguins |
2 |
1 |
1 |
4 |
|
Shots
|
| Washington Capitals |
11 |
10 |
11 |
32 |
| Pittsburgh Penguins |
19 |
11 |
9 |
39 |
|
1st period
1. Washington Capitals , Brad Marchand 4 (Drake Batherson 10) at 2:34
2. Washington Capitals , Jordan Kyrou 5 (Ian Cole 2) at 8:47
3. Pittsburgh Penguins , Sam Reinhart 8 (Pavel Buchnevich 9, Leon Draisaitl 12) at 9:16 (PP)
4. Pittsburgh Penguins , Erik Gudbranson 1 (Leon Draisaitl 13) at 13:44 (PP)
5. Washington Capitals , Jordan Kyrou 6 (Nick Foligno 5, Fabian Zetterlund 4) at 17:17
Penalties :
Jason Robertson (WSH) for Interference (Minor) at 8:58, Derek Forbort (WSH) for Tripping (Minor) at 13:11
2nd period
6. Washington Capitals , Thomas Harley 1 (Jamie Oleksiak 5, Owen Tippett 4) at 2:24 (PP)
7. Washington Capitals , Nico Hischier 6 (Jason Robertson 6) at 16:51
8. Pittsburgh Penguins , Gabriel Vilardi 1 (James van Riemsdyk 3, Jake Neighbours 3) at 18:10
Penalties :
Erik Gudbranson (PIT) for Interference (Minor) at 1:27, Derek Forbort (WSH) for Hooking (Minor) at 5:31, Brad Marchand (WSH) for Roughing (Minor) at 5:55, Ian Cole (WSH) for High sticking (Minor) at 14:42
3rd period
9. Pittsburgh Penguins , Jordan Eberle 5 (Dylan Guenther 9, Jean-Gabriel Pageau 4) at 8:36
10. Washington Capitals , Brad Marchand 5 (Mikael Backlund 1) at 19:04 (Empty Net)
Penalties :
Thomas Harley (WSH) for Cross-checking (Minor) at 3:17, Erik Karlsson (PIT) for Tripping (Minor) at 4:59, Leon Draisaitl (PIT) for Tripping (Minor) at 10:16, Dylan Guenther (PIT) for Interference (Minor) at 19:26
Goalie Stats
Jake Oettinger (WSH), 35 saves from 39 shots - (0.897), W, 6-2-0, 60:00 minutes
Jordan Binnington (PIT), 26 saves from 31 shots - (0.839), L, 8-2-1, 59:27 minutes
Players Stats for Washington Capitals
Player Name G A P +/- PIM S H SB GA TA FO MP PP MP PK MP
------------------------------------------------------------------------------------
Alex Ovechkin 0 0 0 1 0 4 3 0 0 0 1/2 13:51 0:06 0:00
Brad Marchand 2 0 2 2 2 4 5 0 0 0 1/3 17:39 2:09 2:43
Derek Forbort 0 0 0 1 4 1 1 3 0 0 0/0 17:54 0:16 2:24
Drake Batherson 0 1 1 1 0 2 2 0 1 0 1/2 15:26 2:56 0:00
Fabian Zetterlund 0 1 1 1 0 1 1 0 0 2 0/1 13:37 0:00 0:24
Ian Cole 0 1 1 3 2 0 1 1 0 0 0/0 16:12 0:00 2:28
Jamie Oleksiak 0 1 1 0 0 0 2 0 0 1 0/0 25:28 2:39 3:35
Jason Robertson 0 1 1 1 2 2 1 0 0 0 1/1 15:42 2:09 0:00
John Carlson 0 0 0 -1 0 2 1 0 0 0 0/0 17:17 2:32 0:26
Jordan Kyrou 2 0 2 1 0 4 1 0 1 0 1/7 16:09 2:56 0:00
Michael McLeod 0 0 0 -1 0 0 1 0 0 0 7/9 11:07 0:00 2:58
Mikael Backlund 0 1 1 2 0 0 1 0 0 0 9/22 16:29 0:00 3:48
Nick Foligno 0 1 1 2 0 1 2 0 2 0 7/13 15:40 0:00 2:12
Nick Jensen 0 0 0 3 0 1 0 1 0 2 0/0 20:08 2:32 3:51
Nico Hischier 1 0 1 1 0 5 1 0 0 0 9/18 16:06 2:15 0:00
Owen Tippett 0 1 1 -1 0 4 0 1 0 0 0/0 11:01 2:56 0:00
Thomas Harley 1 0 1 0 2 1 1 0 0 0 0/0 23:16 2:29 1:15
Yegor Chinakhov 0 0 0 -1 0 0 0 0 0 1 0/0 8:05 0:00 0:00
Players Stats for Pittsburgh Penguins
Player Name G A P +/- PIM S H SB GA TA FO MP PP MP PK MP
------------------------------------------------------------------------------------
Blake Coleman 0 0 0 -1 0 2 0 0 0 1 0/0 16:24 3:13 0:00
Brock Faber 0 0 0 -2 0 1 0 0 0 2 0/0 22:23 2:40 2:27
Carson Soucy 0 0 0 -1 0 0 1 0 0 0 0/0 15:37 0:00 1:57
Dylan Guenther 0 1 1 -1 2 6 0 0 0 0 0/0 12:35 0:00 0:11
Erik Gudbranson 1 0 1 -2 2 1 2 1 0 0 0/0 22:12 2:51 1:44
Erik Karlsson 0 0 0 0 2 2 1 0 1 0 0/0 21:53 3:47 1:30
Gabriel Vilardi 1 0 1 1 0 3 0 0 1 0 0/5 8:50 0:00 0:00
Jake Neighbours 0 1 1 1 0 1 0 1 0 0 0/0 8:50 0:00 0:00
James van Riemsdyk 0 1 1 1 0 2 3 0 2 0 0/0 8:50 0:00 0:00
Jean-Gabriel Pageau 0 1 1 -1 0 0 3 0 0 0 5/15 13:17 0:00 0:59
Jordan Eberle 1 0 1 -1 0 3 2 1 0 1 1/1 12:18 0:00 0:00
Leon Draisaitl 0 2 2 -2 2 5 2 0 0 0 18/23 18:16 3:42 1:12
Mark Giordano 0 0 0 -1 0 1 0 1 0 0 0/0 14:23 0:43 0:00
Mattias Ekholm 0 0 0 0 0 1 6 0 1 0 0/0 23:30 3:48 2:44
Mitchell Marner 0 0 0 -1 0 2 0 0 1 0 2/8 19:14 3:13 2:38
Pavel Buchnevich 0 1 1 -2 0 1 0 2 0 0 0/3 20:09 3:42 2:57
Phillip Danault 0 0 0 -1 0 4 2 0 0 0 14/22 16:24 3:13 0:00
Sam Reinhart 1 0 1 -2 0 4 3 0 0 0 1/1 19:23 3:42 2:25
3 Stars
1 - Brad Marchand (WSH)
2 - Jordan Kyrou (WSH)
3 - Nico Hischier (WSH)
Power Play
Washington Capitals - 1 on 4 Attempt(s) - 25.00%
Pittsburgh Penguins - 2 on 6 Attempt(s) - 33.33%
Penalty Kill
Washington Capitals - 4 on 6 Attempt(s) - 66.67%
- Score 0 goal in Penalty Kill
Pittsburgh Penguins - 3 on 4 Attempt(s) - 75.00%
- Score 0 goal in Penalty Kill
Team Stat
Washington Capitals - Hits : 24 - Faceoff Wins : 37 - Blocked Shots : 6 - Penalty Minutes : 12
Pittsburgh Penguins - Hits : 25 - Faceoff Wins : 41 - Blocked Shots : 6 - Penalty Minutes : 8
Official
Referees : Jake Brenk and Kelly Sutherland
Linesman : Kilian McNamara and Justin Johnson
Game Notes
Brad Marchand has scored in a empty net!
Finance
Level 1 -- Attendance: 4364 (72.73%) -- Ticket Income $436,400
Level 2 -- Attendance: 3500 (70.00%) -- Ticket Income $210,000
Level 3 -- Attendance: 2127 (70.90%) -- Ticket Income $74,445
Level 4 -- Attendance: 3500 (70.00%) -- Ticket Income $87,500
Luxury Box -- Attendance: 722 (72.20%) -- Ticket Income $144,400
Game was played at the Consol Energy Center.
Total Attendance: 14213 (71.07%)
Total Ticket Income: $952,745
Other Income: $333,461
Total Income: $1,286,206
Washington Capitals
5 vs 5 Forward
Center Left Wing Right Wing Time % Phy DF OF
1 Nico Hischier Alex Ovechkin Jason Robertson 30 1 2 2
2 Mikael Backlund Brad Marchand Drake Batherson 30 1 2 2
3 Nick Foligno Jordan Kyrou Fabian Zetterlund 25 1 2 2
4 Michael McLeod Owen Tippett Yegor Chinakhov 15 1 2 2
5 vs 5 Defense
Defense Defense Time % Phy DF OF
1 John Carlson Jamie Oleksiak 30 1 2 2
2 Thomas Harley Derek Forbort 30 1 2 2
3 Ian Cole Nick Jensen 25 1 2 2
4 Thomas Harley Jamie Oleksiak 15 1 2 2
PowerPlay Forward
Center Left Wing Right Wing Time % Phy DF OF
1 Nico Hischier Brad Marchand Jason Robertson 50 1 2 2
2 Jordan Kyrou Owen Tippett Drake Batherson 50 1 2 2
PowerPlay Defense
Defense Defense Time % Phy DF OF
1 John Carlson Nick Jensen 50 1 2 2
2 Thomas Harley Jamie Oleksiak 50 1 2 2
Penalty Kill 4 Players Forward
Center Wing Time % Phy DF OF
1 Mikael Backlund Brad Marchand 50 1 2 2
2 Michael McLeod Nick Foligno 50 1 2 2
Penalty Kill 4 Players Defense
Defense Defense Time % Phy DF OF
1 Derek Forbort Jamie Oleksiak 50 1 2 2
2 Nick Jensen Ian Cole 50 1 2 2
Penalty Kill - 3 Players Forward
Forward Time % Phy DF OF
1 Mikael Backlund 50 1 2 2
2 Michael McLeod 50 1 2 2
Penalty Kill - 3 Players Defense
Defense Defense Time % Phy DF OF
1 Derek Forbort Jamie Oleksiak 50 1 2 2
2 Nick Jensen Ian Cole 50 1 2 2
4 vs 4 Forward
Center Wing Time % Phy DF OF
1 Nico Hischier Alex Ovechkin 50 1 2 2
2 Jordan Kyrou Jason Robertson 50 1 2 2
4 vs 4 Defense
Defense Defense Time % Phy DF OF
1 John Carlson Nick Jensen 50 1 2 2
2 Thomas Harley Jamie Oleksiak 50 1 2 2
Last Minutes Offensive
Center Left Wing Right Wing Defense Defense
Nico Hischier Brad Marchand Jason Robertson Nick Jensen Thomas Harley
Last Minutes Defensive
Center Left Wing Right Wing Defense Defense
Mikael Backlund Brad Marchand Nick Foligno Derek Forbort Jamie Oleksiak
Goaltenders
Starting : Jake Oettinger
Backup : Sergei Bobrovsky
Extra Forwards
Normal : Jordan Kyrou, Nick Foligno, Owen Tippett - PP : Drake Batherson, Owen Tippett - PK : Fabian Zetterlund
Extra Defensemen
Normal : Derek Forbort, Nick Jensen, Thomas Harley - PP : Derek Forbort - PK : Nick Jensen, Thomas Harley
Penalty Shots
Jason Robertson, Drake Batherson, Yegor Chinakhov, John Carlson, Jordan Kyrou
Scratches
Stefan Noesen (Healthy)
Pittsburgh Penguins
5 vs 5 Forward
Center Left Wing Right Wing Time % Phy DF OF
1 Leon Draisaitl Pavel Buchnevich Sam Reinhart 30 1 2 2
2 Phillip Danault Blake Coleman Mitchell Marner 30 1 2 2
3 Jean-Gabriel Pageau Dylan Guenther Jordan Eberle 25 1 2 2
4 Gabriel Vilardi Jake Neighbours James van Riemsdyk 15 1 2 2
5 vs 5 Defense
Defense Defense Time % Phy DF OF
1 Mattias Ekholm Erik Karlsson 35 1 2 2
2 Erik Gudbranson Brock Faber 35 1 2 2
3 Mark Giordano Carson Soucy 30 1 2 2
4 Mattias Ekholm Erik Karlsson 0 1 2 2
PowerPlay Forward
Center Left Wing Right Wing Time % Phy DF OF
1 Leon Draisaitl Pavel Buchnevich Sam Reinhart 50 1 2 2
2 Phillip Danault Blake Coleman Mitchell Marner 50 1 2 2
PowerPlay Defense
Defense Defense Time % Phy DF OF
1 Mattias Ekholm Erik Karlsson 50 1 2 2
2 Erik Gudbranson Brock Faber 50 1 2 2
Penalty Kill 4 Players Forward
Center Wing Time % Phy DF OF
1 Leon Draisaitl Sam Reinhart 50 1 2 2
2 Mitchell Marner Pavel Buchnevich 50 1 2 2
Penalty Kill 4 Players Defense
Defense Defense Time % Phy DF OF
1 Mattias Ekholm Erik Karlsson 50 1 2 2
2 Erik Gudbranson Brock Faber 50 1 2 2
Penalty Kill - 3 Players Forward
Forward Time % Phy DF OF
1 Leon Draisaitl 50 1 2 2
2 Sam Reinhart 50 1 2 2
Penalty Kill - 3 Players Defense
Defense Defense Time % Phy DF OF
1 Mattias Ekholm Erik Karlsson 50 1 2 2
2 Erik Gudbranson Brock Faber 50 1 2 2
4 vs 4 Forward
Center Wing Time % Phy DF OF
1 Leon Draisaitl Sam Reinhart 50 1 2 2
2 Mitchell Marner Pavel Buchnevich 50 1 2 2
4 vs 4 Defense
Defense Defense Time % Phy DF OF
1 Mattias Ekholm Erik Karlsson 50 1 2 2
2 Erik Gudbranson Brock Faber 50 1 2 2
Last Minutes Offensive
Center Left Wing Right Wing Defense Defense
Leon Draisaitl Pavel Buchnevich Sam Reinhart Mattias Ekholm Erik Karlsson
Last Minutes Defensive
Center Left Wing Right Wing Defense Defense
Leon Draisaitl Pavel Buchnevich Sam Reinhart Mattias Ekholm Erik Karlsson
Goaltenders
Starting : Jordan Binnington
Backup : Marc-Andre Fleury
Extra Forwards
Normal : Jake Neighbours, Jordan Eberle, Jean-Gabriel Pageau - PP : Jake Neighbours, Jordan Eberle - PK : Jean-Gabriel Pageau
Extra Defensemen
Normal : Mark Giordano, Carson Soucy, Erik Gudbranson - PP : Mark Giordano - PK : Carson Soucy, Erik Gudbranson
Penalty Shots
Leon Draisaitl, Sam Reinhart, Mitchell Marner, Pavel Buchnevich, Blake Coleman
Scratches
Adam Gaudette (Healthy), Brian Dumoulin (Healthy)
% Time on Ice - Washington Capitals
Lines # - Real PCT - Wanted PCT - Time Play
Normal Forward
1 - 29% - 30% - 13:34
2 - 26% - 30% - 12:34
3 - 28% - 25% - 13:13
4 - 17% - 15% - 8:05
Normal Defense
1 - 30% - 30% - 14:15
2 - 30% - 30% - 14:27
3 - 29% - 25% - 13:41
4 - 11% - 15% - 5:03
PP Forward
1 - 43% - 50% - 2:15
2 - 57% - 50% - 2:56
PP Defense
1 - 49% - 50% - 2:32
2 - 51% - 50% - 2:39
PK Forward
1 - 56% - 50% - 2:59
2 - 44% - 50% - 2:21
PK Defense
1 - 53% - 50% - 2:48
2 - 48% - 50% - 2:32
PK3 Forward
1 - 52% - 50% - 0:49
2 - 48% - 50% - 0:46
PK3 Defense
1 - 93% - 50% - 1:28
2 - 7% - 50% - 0:07
44 Forward
1 - 100% - 50% - 0:17
2 - 0% - 50% - 0:00
44 Defense
1 - 0% - 50% - 0:00
2 - 100% - 50% - 0:17
Last Minute Offensive - 0:00
Last Minute Defensive - 0:11
Total
Forward - 60:00
Defense - 60:00
|
% Time on Ice - Pittsburgh Penguins
Lines # - Real PCT - Wanted PCT - Time Play
Normal Forward
1 - 28% - 30% - 13:06
2 - 28% - 30% - 13:11
3 - 26% - 25% - 12:18
4 - 19% - 15% - 8:50
Normal Defense
1 - 36% - 35% - 16:58
2 - 35% - 35% - 16:47
3 - 29% - 30% - 13:40
4 - 0% - 0% - 0:00
PP Forward
1 - 53% - 50% - 3:42
2 - 47% - 50% - 3:13
PP Defense
1 - 61% - 50% - 4:15
2 - 39% - 50% - 2:40
PK Forward
1 - 49% - 50% - 2:33
2 - 51% - 50% - 2:38
PK Defense
1 - 53% - 50% - 2:44
2 - 47% - 50% - 2:27
PK3 Forward
1 - 0% - 50%
2 - 0% - 50%
PK3 Defense
1 - 0% - 50%
2 - 0% - 50%
44 Forward
1 - 29% - 50% - 0:05
2 - 71% - 50% - 0:12
44 Defense
1 - 0% - 50% - 0:00
2 - 100% - 50% - 0:17
Last Minute Offensive - 0:12
Last Minute Defensive - 0:00
Total
Forward - 60:00
Defense - 60:00
|
Play-by-Play
1st period
0:01 of 1st period - Nico Hischier wins face-off versus Leon Draisaitl in neutral zone.
0:12 of 1st period - Snap shot by Jason Robertson.
0:12 of 1st period - Stopped by Jordan Binnington without a rebound.
0:13 of 1st period - Mikael Backlund wins face-off versus Phillip Danault in Pittsburgh Penguins zone.
0:19 of 1st period - Icing by Erik Gudbranson.
0:20 of 1st period - Brad Marchand wins face-off versus Mitchell Marner in Pittsburgh Penguins zone.
0:31 of 1st period - Snap shot by Mitchell Marner.
0:31 of 1st period - Shot Misses the Net.
0:33 of 1st period - Slapshot by Erik Gudbranson.
0:33 of 1st period - Shot Blocked by Derek Forbort.
0:35 of 1st period - Slapshot by Blake Coleman.
0:35 of 1st period - Shot Misses the Net.
0:58 of 1st period - Icing by Derek Forbort.
0:59 of 1st period - Drake Batherson wins face-off versus Jean-Gabriel Pageau in Washington Capitals zone.
1:07 of 1st period - Off-side.
1:08 of 1st period - Jean-Gabriel Pageau wins face-off versus Nick Foligno in neutral zone.
1:21 of 1st period - Snap shot by Jordan Eberle.
1:21 of 1st period - Stopped by Jake Oettinger with a rebound.
1:25 of 1st period - Wrist shot by Dylan Guenther.
1:25 of 1st period - Shot Misses the Net.
1:29 of 1st period - Wrist shot by Dylan Guenther.
1:29 of 1st period - Stopped by Jake Oettinger with a rebound.
1:31 of 1st period - Slapshot by Mark Giordano.
1:31 of 1st period - Deflect By Dylan Guenther.
1:31 of 1st period - Stopped by Jake Oettinger without a rebound.
1:32 of 1st period - Leon Draisaitl wins face-off versus Nico Hischier in Washington Capitals zone.
2:34 of 1st period - Snap shot by Brad Marchand.
2:34 of 1st period - Goal by Brad Marchand - Washington Capitals : 1 - Pittsburgh Penguins : 0.
2:35 of 1st period - Leon Draisaitl wins face-off versus Nick Foligno in neutral zone.
2:52 of 1st period - Wrist shot by Pavel Buchnevich.
2:52 of 1st period - Stopped by Jake Oettinger without a rebound.
2:53 of 1st period - Alex Ovechkin wins face-off versus Gabriel Vilardi in Washington Capitals zone.
3:07 of 1st period - Snap shot by Nico Hischier.
3:07 of 1st period - Shot Misses the Net.
4:30 of 1st period - Dylan Guenther is hit by Derek Forbort and loses puck.
4:59 of 1st period - Wrist shot by Nico Hischier.
4:59 of 1st period - Stopped by Jordan Binnington with a rebound.
5:01 of 1st period - Snap shot by Alex Ovechkin.
5:01 of 1st period - Stopped by Jordan Binnington with a rebound.
5:03 of 1st period - Slapshot by Derek Forbort.
5:03 of 1st period - Stopped by Jordan Binnington with a rebound.
5:19 of 1st period - Snap shot by Pavel Buchnevich.
5:19 of 1st period - Shot Misses the Net.
6:18 of 1st period - Snap shot by Owen Tippett.
6:18 of 1st period - Stopped by Jordan Binnington with a rebound.
6:32 of 1st period - Jamie Oleksiak is hit by Mattias Ekholm.
7:01 of 1st period - Mikael Backlund is hit by James van Riemsdyk and loses puck.
7:16 of 1st period - Off-side.
7:17 of 1st period - Michael McLeod wins face-off versus Phillip Danault in neutral zone.
7:32 of 1st period - Slapshot by Mitchell Marner.
7:32 of 1st period - Shot Misses the Net.
7:44 of 1st period - Mattias Ekholm is hit by Nick Foligno and loses puck.
7:57 of 1st period - Slapshot by Fabian Zetterlund.
7:57 of 1st period - Shot Blocked by Pavel Buchnevich.
8:37 of 1st period - Snap shot by Alex Ovechkin.
8:37 of 1st period - Stopped by Jordan Binnington without a rebound.
8:38 of 1st period - Nick Foligno wins face-off versus Mitchell Marner in Pittsburgh Penguins zone.
8:47 of 1st period - Slapshot by Jordan Kyrou.
8:47 of 1st period - Goal by Jordan Kyrou - Washington Capitals : 2 - Pittsburgh Penguins : 0.
8:48 of 1st period - Phillip Danault wins face-off versus Alex Ovechkin in neutral zone.
8:58 of 1st period - Minor Penalty to Jason Robertson for Interference.
8:59 of 1st period - Leon Draisaitl wins face-off versus Brad Marchand in Washington Capitals zone.
9:16 of 1st period - Snap shot by Pavel Buchnevich.
9:16 of 1st period - Deflect By Sam Reinhart.
9:16 of 1st period - Goal by Sam Reinhart - Washington Capitals : 2 - Pittsburgh Penguins : 1.
9:17 of 1st period - Leon Draisaitl wins face-off versus Mikael Backlund in neutral zone.
9:44 of 1st period - Carson Soucy is hit by Alex Ovechkin and loses puck.
9:49 of 1st period - Snap shot by Nico Hischier.
9:49 of 1st period - Shot Misses the Net.
9:51 of 1st period - Slapshot by Nico Hischier.
9:51 of 1st period - Deflect By Phillip Danault.
9:51 of 1st period - Stopped by Jordan Binnington without a rebound.
9:52 of 1st period - Nick Foligno wins face-off versus Jean-Gabriel Pageau in Pittsburgh Penguins zone.
10:21 of 1st period - Snap shot by Leon Draisaitl.
10:21 of 1st period - Stopped by Jake Oettinger without a rebound.
10:22 of 1st period - Leon Draisaitl wins face-off versus Nico Hischier in Washington Capitals zone.
10:23 of 1st period - Slapshot by Sam Reinhart.
10:23 of 1st period - Stopped by Jake Oettinger with a rebound.
10:43 of 1st period - Snap shot by Sam Reinhart.
10:43 of 1st period - Shot Misses the Net.
10:45 of 1st period - Wrist shot by Mattias Ekholm.
10:45 of 1st period - Stopped by Jake Oettinger without a rebound.
10:46 of 1st period - Phillip Danault wins face-off versus Mikael Backlund in Washington Capitals zone.
10:55 of 1st period - Snap shot by Mitchell Marner.
10:55 of 1st period - Stopped by Jake Oettinger with a rebound.
10:57 of 1st period - Snap shot by Brock Faber.
10:57 of 1st period - Shot Misses the Net.
10:59 of 1st period - Snap shot by Brock Faber.
10:59 of 1st period - Stopped by Jake Oettinger without a rebound.
11:00 of 1st period - Phillip Danault wins face-off versus Nick Foligno in Washington Capitals zone.
11:33 of 1st period - Snap shot by Dylan Guenther.
11:33 of 1st period - Stopped by Jake Oettinger without a rebound.
11:34 of 1st period - Michael McLeod wins face-off versus Jean-Gabriel Pageau in Washington Capitals zone.
11:59 of 1st period - Brock Faber is hit by Brad Marchand and loses puck.
12:24 of 1st period - Wrist shot by Gabriel Vilardi.
12:24 of 1st period - Shot Blocked by Nick Jensen.
12:26 of 1st period - Snap shot by Mark Giordano.
12:26 of 1st period - Deflect By Jason Robertson.
12:26 of 1st period - Stopped by Jake Oettinger without a rebound.
12:27 of 1st period - Nico Hischier wins face-off versus Gabriel Vilardi in Washington Capitals zone.
12:48 of 1st period - Icing by Derek Forbort.
12:49 of 1st period - Phillip Danault wins face-off versus Nico Hischier in Washington Capitals zone.
12:49 of 1st period - Phillip Danault is hit by Jason Robertson.
13:05 of 1st period - Slapshot by Mitchell Marner.
13:05 of 1st period - Stopped by Jake Oettinger with a rebound.
13:11 of 1st period - Minor Penalty to Derek Forbort for Tripping.
13:12 of 1st period - Mikael Backlund wins face-off versus Phillip Danault in Washington Capitals zone.
13:17 of 1st period - Brock Faber is hit by Brad Marchand and loses puck.
13:42 of 1st period - Snap shot by Leon Draisaitl.
13:42 of 1st period - Deflect By Nick Foligno.
13:42 of 1st period - Stopped by Jake Oettinger with a rebound.
13:44 of 1st period - Slapshot by Erik Gudbranson.
13:44 of 1st period - Goal by Erik Gudbranson - Washington Capitals : 2 - Pittsburgh Penguins : 2.
13:45 of 1st period - Leon Draisaitl wins face-off versus Fabian Zetterlund in neutral zone.
13:47 of 1st period - Off-side.
13:48 of 1st period - Nick Foligno wins face-off versus Pavel Buchnevich in neutral zone.
13:48 of 1st period - Fabian Zetterlund is hit by Mattias Ekholm and loses puck.
13:55 of 1st period - Nick Foligno is hit by Sam Reinhart and loses puck.
14:14 of 1st period - Icing by Leon Draisaitl.
14:15 of 1st period - Leon Draisaitl wins face-off versus Mikael Backlund in Pittsburgh Penguins zone.
14:36 of 1st period - Snap shot by Leon Draisaitl.
14:36 of 1st period - Stopped by Jake Oettinger with a rebound.
14:38 of 1st period - Slapshot by Erik Karlsson.
14:38 of 1st period - Stopped by Jake Oettinger with a rebound.
14:40 of 1st period - Snap shot by Leon Draisaitl.
14:40 of 1st period - Shot Misses the Net.
14:42 of 1st period - Wrist shot by Sam Reinhart.
14:42 of 1st period - Shot Blocked by Derek Forbort.
14:44 of 1st period - Wrist shot by Leon Draisaitl.
14:44 of 1st period - Shot Misses the Net.
14:46 of 1st period - Wrist shot by Leon Draisaitl.
14:46 of 1st period - Shot Misses the Net.
15:02 of 1st period - Snap shot by Sam Reinhart.
15:02 of 1st period - Stopped by Jake Oettinger without a rebound.
15:03 of 1st period - Phillip Danault wins face-off versus Michael McLeod in Washington Capitals zone.
16:17 of 1st period - Blake Coleman is hit by Alex Ovechkin and loses puck.
16:36 of 1st period - Wrist shot by Brad Marchand.
16:36 of 1st period - Stopped by Jordan Binnington without a rebound.
16:37 of 1st period - Nick Foligno wins face-off versus Jean-Gabriel Pageau in Pittsburgh Penguins zone.
16:46 of 1st period - Erik Gudbranson is hit by John Carlson and loses puck.
17:13 of 1st period - Wrist shot by Fabian Zetterlund.
17:13 of 1st period - Shot Misses the Net.
17:15 of 1st period - Backhand shot by Nick Foligno.
17:15 of 1st period - Shot Misses the Net.
17:17 of 1st period - Snap shot by Jordan Kyrou.
17:17 of 1st period - Goal by Jordan Kyrou - Washington Capitals : 3 - Pittsburgh Penguins : 2.
17:18 of 1st period - Phillip Danault wins face-off versus Nico Hischier in neutral zone.
17:45 of 1st period - Jordan Eberle is hit by Brad Marchand and loses puck.
19:34 of 1st period - Snap shot by Drake Batherson.
19:34 of 1st period - Shot Misses the Net.
19:36 of 1st period - Slapshot by Thomas Harley.
19:36 of 1st period - Deflect By Brad Marchand.
19:36 of 1st period - Shot Blocked by Mark Giordano.
19:36 of 1st period - Puck is out of play.
19:37 of 1st period - Phillip Danault wins face-off versus Nico Hischier in Pittsburgh Penguins zone.
19:54 of 1st period - Wrist shot by Phillip Danault.
19:54 of 1st period - Stopped by Jake Oettinger without a rebound.
19:55 of 1st period - Mikael Backlund wins face-off versus Jean-Gabriel Pageau in Washington Capitals zone.
19:55 of 1st period - Mikael Backlund is hit by Carson Soucy.
Goals for this period are 3 for Washington Capitals vs 2 for Pittsburgh Penguins.
Shots for this period are 11 for Washington Capitals vs 19 for Pittsburgh Penguins.
2nd period
0:01 of 2nd period - Mikael Backlund wins face-off versus Phillip Danault in neutral zone.
0:04 of 2nd period - Blake Coleman is hit by Brad Marchand and loses puck.
1:21 of 2nd period - Wrist shot by Jordan Kyrou.
1:21 of 2nd period - Deflect By James van Riemsdyk.
1:21 of 2nd period - Shot Misses the Net.
1:21 of 2nd period - Puck is out of play.
1:22 of 2nd period - Phillip Danault wins face-off versus Mikael Backlund in Pittsburgh Penguins zone.
1:22 of 2nd period - Phillip Danault is hit by Drake Batherson.
1:27 of 2nd period - Minor Penalty to Erik Gudbranson for Interference.
1:28 of 2nd period - Leon Draisaitl wins face-off versus Brad Marchand in Pittsburgh Penguins zone.
1:37 of 2nd period - Wrist shot by Jason Robertson.
1:37 of 2nd period - Shot Misses the Net.
1:39 of 2nd period - Snap shot by Nick Jensen.
1:39 of 2nd period - Shot Misses the Net.
1:41 of 2nd period - Slapshot by Nick Jensen.
1:41 of 2nd period - Stopped by Jordan Binnington without a rebound.
1:42 of 2nd period - Jordan Kyrou wins face-off versus Leon Draisaitl in Pittsburgh Penguins zone.
1:49 of 2nd period - Snap shot by Drake Batherson.
1:49 of 2nd period - Stopped by Jordan Binnington without a rebound.
1:50 of 2nd period - Leon Draisaitl wins face-off versus Jordan Kyrou in Pittsburgh Penguins zone.
2:07 of 2nd period - Pavel Buchnevich is hit by Drake Batherson and loses puck.
2:20 of 2nd period - Wrist shot by Owen Tippett.
2:20 of 2nd period - Stopped by Jordan Binnington with a rebound.
2:22 of 2nd period - Slapshot by Jamie Oleksiak.
2:22 of 2nd period - Shot Blocked by Pavel Buchnevich.
2:24 of 2nd period - Snap shot by Thomas Harley.
2:24 of 2nd period - Deflect By Mitchell Marner.
2:24 of 2nd period - Goal by Thomas Harley - Washington Capitals : 4 - Pittsburgh Penguins : 2.
2:25 of 2nd period - Nico Hischier wins face-off versus Phillip Danault in neutral zone.
2:52 of 2nd period - Thomas Harley is hit by Erik Gudbranson and loses puck.
3:09 of 2nd period - Pavel Buchnevich is hit by Brad Marchand and loses puck.
3:37 of 2nd period - Icing by Gabriel Vilardi.
3:38 of 2nd period - Michael McLeod wins face-off versus Gabriel Vilardi in Pittsburgh Penguins zone.
3:39 of 2nd period - Snap shot by Owen Tippett.
3:39 of 2nd period - Stopped by Jordan Binnington with a rebound.
3:41 of 2nd period - Wrist shot by John Carlson.
3:41 of 2nd period - Stopped by Jordan Binnington with a rebound.
3:43 of 2nd period - Wrist shot by Jason Robertson.
3:43 of 2nd period - Shot Misses the Net.
3:45 of 2nd period - Snap shot by Alex Ovechkin.
3:45 of 2nd period - Shot Blocked by Jake Neighbours.
4:05 of 2nd period - Snap shot by Gabriel Vilardi.
4:05 of 2nd period - Shot Misses the Net.
4:15 of 2nd period - Phillip Danault is hit by Jamie Oleksiak and loses puck.
5:23 of 2nd period - Snap shot by Leon Draisaitl.
5:23 of 2nd period - Stopped by Jake Oettinger with a rebound.
5:25 of 2nd period - Slapshot by Erik Gudbranson.
5:25 of 2nd period - Shot Misses the Net.
5:31 of 2nd period - Minor Penalty to Derek Forbort for Hooking.
5:32 of 2nd period - Michael McLeod wins face-off versus Leon Draisaitl in Washington Capitals zone.
5:55 of 2nd period - Minor Penalty to Brad Marchand for Roughing.
5:56 of 2nd period - Mikael Backlund wins face-off versus Mitchell Marner in Washington Capitals zone.
5:56 of 2nd period - Mikael Backlund is hit by Erik Karlsson.
7:31 of 2nd period - Penalty to Derek Forbort is over, Derek Forbort is back on ice.
7:49 of 2nd period - Derek Forbort is hit by Sam Reinhart and loses puck.
7:55 of 2nd period - Penalty to Brad Marchand is over, Brad Marchand is back on ice.
8:02 of 2nd period - Wrist shot by Jason Robertson.
8:02 of 2nd period - Shot Blocked by Erik Gudbranson.
8:25 of 2nd period - Wrist shot by Gabriel Vilardi.
8:25 of 2nd period - Stopped by Jake Oettinger with a rebound.
8:57 of 2nd period - Brad Marchand is hit by Jean-Gabriel Pageau and loses puck.
9:43 of 2nd period - Mattias Ekholm is hit by Michael McLeod and loses puck.
10:24 of 2nd period - Nico Hischier is hit by Erik Gudbranson and loses puck.
10:45 of 2nd period - Slapshot by Gabriel Vilardi.
10:45 of 2nd period - Stopped by Jake Oettinger without a rebound.
10:46 of 2nd period - Jean-Gabriel Pageau wins face-off versus Mikael Backlund in Washington Capitals zone.
10:51 of 2nd period - Wrist shot by Jordan Eberle.
10:51 of 2nd period - Stopped by Jake Oettinger without a rebound.
10:52 of 2nd period - Mikael Backlund wins face-off versus Jean-Gabriel Pageau in Washington Capitals zone.
10:52 of 2nd period - Mikael Backlund is hit by Jordan Eberle.
11:00 of 2nd period - Jamie Oleksiak is hit by Jean-Gabriel Pageau and loses puck.
11:38 of 2nd period - Off-side.
11:39 of 2nd period - Leon Draisaitl wins face-off versus Nick Foligno in neutral zone.
11:53 of 2nd period - Wrist shot by Leon Draisaitl.
11:53 of 2nd period - Stopped by Jake Oettinger without a rebound.
11:54 of 2nd period - Jean-Gabriel Pageau wins face-off versus Mikael Backlund in Washington Capitals zone.
11:57 of 2nd period - Wrist shot by Dylan Guenther.
11:57 of 2nd period - Stopped by Jake Oettinger with a rebound.
12:45 of 2nd period - Snap shot by Jordan Eberle.
12:45 of 2nd period - Shot Misses the Net.
12:47 of 2nd period - Wrist shot by Jordan Eberle.
12:47 of 2nd period - Shot Blocked by Derek Forbort.
12:49 of 2nd period - Slapshot by Dylan Guenther.
12:49 of 2nd period - Deflect By Jordan Eberle.
12:49 of 2nd period - Shot Misses the Net.
12:49 of 2nd period - Puck is out of play.
12:50 of 2nd period - Mikael Backlund wins face-off versus Pavel Buchnevich in Washington Capitals zone.
13:05 of 2nd period - Snap shot by Brad Marchand.
13:05 of 2nd period - Shot Misses the Net.
13:17 of 2nd period - Phillip Danault is hit by Alex Ovechkin and loses puck.
13:22 of 2nd period - Wrist shot by Nico Hischier.
13:22 of 2nd period - Stopped by Jordan Binnington without a rebound.
13:23 of 2nd period - Nico Hischier wins face-off versus Phillip Danault in Pittsburgh Penguins zone.
13:24 of 2nd period - Snap shot by Alex Ovechkin.
13:24 of 2nd period - Stopped by Jordan Binnington with a rebound.
13:50 of 2nd period - Snap shot by Yegor Chinakhov.
13:50 of 2nd period - Shot Misses the Net.
13:56 of 2nd period - Snap shot by Phillip Danault.
13:56 of 2nd period - Stopped by Jake Oettinger without a rebound.
13:57 of 2nd period - Michael McLeod wins face-off versus Pavel Buchnevich in Washington Capitals zone.
13:57 of 2nd period - Michael McLeod is hit by Leon Draisaitl.
14:20 of 2nd period - Michael McLeod is hit by Mattias Ekholm and loses puck.
14:42 of 2nd period - Minor Penalty to Ian Cole for High sticking.
14:43 of 2nd period - Phillip Danault wins face-off versus Mikael Backlund in Washington Capitals zone.
14:45 of 2nd period - Snap shot by Phillip Danault.
14:45 of 2nd period - Stopped by Jake Oettinger with a rebound.
16:42 of 2nd period - Penalty to Ian Cole is over, Ian Cole is back on ice.
16:45 of 2nd period - Off-side.
16:46 of 2nd period - Nico Hischier wins face-off versus Jean-Gabriel Pageau in neutral zone.
16:51 of 2nd period - Snap shot by Nico Hischier.
16:51 of 2nd period - Goal by Nico Hischier - Washington Capitals : 5 - Pittsburgh Penguins : 2.
16:52 of 2nd period - Leon Draisaitl wins face-off versus Drake Batherson in neutral zone.
16:59 of 2nd period - Mikael Backlund is hit by Sam Reinhart.
17:42 of 2nd period - Fabian Zetterlund is hit by Jean-Gabriel Pageau and loses puck.
18:06 of 2nd period - Slapshot by Jake Neighbours.
18:06 of 2nd period - Stopped by Jake Oettinger with a rebound.
18:10 of 2nd period - Snap shot by Gabriel Vilardi.
18:10 of 2nd period - Goal by Gabriel Vilardi - Washington Capitals : 5 - Pittsburgh Penguins : 3.
18:11 of 2nd period - Leon Draisaitl wins face-off versus Mikael Backlund in neutral zone.
19:05 of 2nd period - Snap shot by Jordan Kyrou.
19:05 of 2nd period - Stopped by Jordan Binnington without a rebound.
19:06 of 2nd period - Leon Draisaitl wins face-off versus Mikael Backlund in Pittsburgh Penguins zone.
19:32 of 2nd period - Off-side.
19:33 of 2nd period - Phillip Danault wins face-off versus Nico Hischier in neutral zone.
19:50 of 2nd period - Snap shot by Blake Coleman.
19:50 of 2nd period - Stopped by Jake Oettinger with a rebound.
19:58 of 2nd period - Erik Gudbranson is hit by Nico Hischier and loses puck.
Goals for this period are 2 for Washington Capitals vs 1 for Pittsburgh Penguins.
Shots for this period are 10 for Washington Capitals vs 11 for Pittsburgh Penguins.
3rd period
0:01 of 3rd period - Mikael Backlund wins face-off versus Leon Draisaitl in neutral zone.
0:10 of 3rd period - Snap shot by Brad Marchand.
0:10 of 3rd period - Stopped by Jordan Binnington with a rebound.
0:34 of 3rd period - Backhand shot by Nick Foligno.
0:34 of 3rd period - Stopped by Jordan Binnington without a rebound.
0:35 of 3rd period - Mikael Backlund wins face-off versus Phillip Danault in Pittsburgh Penguins zone.
0:44 of 3rd period - Jamie Oleksiak is hit by Phillip Danault and loses puck.
1:28 of 3rd period - Wrist shot by James van Riemsdyk.
1:28 of 3rd period - Shot Misses the Net.
1:30 of 3rd period - Slapshot by James van Riemsdyk.
1:30 of 3rd period - Stopped by Jake Oettinger without a rebound.
1:31 of 3rd period - Nick Foligno wins face-off versus Gabriel Vilardi in Washington Capitals zone.
1:31 of 3rd period - Nick Foligno is hit by James van Riemsdyk.
1:49 of 3rd period - Slapshot by Ian Cole.
1:49 of 3rd period - Shot Misses the Net.
1:55 of 3rd period - Ian Cole is hit by Mattias Ekholm and loses puck.
2:22 of 3rd period - Ian Cole is hit by Mattias Ekholm and loses puck.
2:49 of 3rd period - Wrist shot by Gabriel Vilardi.
2:49 of 3rd period - Deflect By James van Riemsdyk.
2:49 of 3rd period - Stopped by Jake Oettinger without a rebound.
2:50 of 3rd period - Phillip Danault wins face-off versus Mikael Backlund in Washington Capitals zone.
2:53 of 3rd period - Wrist shot by Phillip Danault.
2:53 of 3rd period - Stopped by Jake Oettinger without a rebound.
2:54 of 3rd period - Phillip Danault wins face-off versus Mikael Backlund in Washington Capitals zone.
3:17 of 3rd period - Minor Penalty to Thomas Harley for Cross-checking.
3:18 of 3rd period - Phillip Danault wins face-off versus Mikael Backlund in Washington Capitals zone.
3:21 of 3rd period - Wrist shot by Phillip Danault.
3:21 of 3rd period - Shot Misses the Net.
3:55 of 3rd period - Wrist shot by Pavel Buchnevich.
3:55 of 3rd period - Shot Misses the Net.
4:50 of 3rd period - Michael McLeod is hit by Mattias Ekholm and loses puck.
4:59 of 3rd period - Minor Penalty to Erik Karlsson for Tripping.
5:00 of 3rd period - Nico Hischier wins face-off versus Mitchell Marner in Pittsburgh Penguins zone.
5:17 of 3rd period - Penalty to Thomas Harley is over, Thomas Harley is back on ice.
5:32 of 3rd period - Wrist shot by Jordan Kyrou.
5:32 of 3rd period - Stopped by Jordan Binnington without a rebound.
5:33 of 3rd period - Leon Draisaitl wins face-off versus Jordan Kyrou in Pittsburgh Penguins zone.
5:40 of 3rd period - Snap shot by Owen Tippett.
5:40 of 3rd period - Stopped by Jordan Binnington without a rebound.
5:41 of 3rd period - Mitchell Marner wins face-off versus Nico Hischier in Pittsburgh Penguins zone.
6:14 of 3rd period - Snap shot by Sam Reinhart.
6:14 of 3rd period - Stopped by Jake Oettinger without a rebound.
6:15 of 3rd period - Leon Draisaitl wins face-off versus Jordan Kyrou in Washington Capitals zone.
6:19 of 3rd period - Icing by Thomas Harley.
6:20 of 3rd period - Sam Reinhart wins face-off versus Jordan Kyrou in Washington Capitals zone.
6:23 of 3rd period - Slapshot by Leon Draisaitl.
6:23 of 3rd period - Shot Blocked by Owen Tippett.
6:26 of 3rd period - Icing by Drake Batherson.
6:27 of 3rd period - Leon Draisaitl wins face-off versus Jordan Kyrou in Washington Capitals zone.
6:56 of 3rd period - Snap shot by Drake Batherson.
6:56 of 3rd period - Shot Misses the Net.
6:58 of 3rd period - Snap shot by Owen Tippett.
6:58 of 3rd period - Deflect By Jordan Kyrou.
6:58 of 3rd period - Shot Misses the Net.
6:58 of 3rd period - Puck is out of play.
6:59 of 3rd period - Penalty to Erik Karlsson is over, Erik Karlsson is back on ice.
6:59 of 3rd period - Jean-Gabriel Pageau wins face-off versus Nico Hischier in Pittsburgh Penguins zone.
7:04 of 3rd period - Alex Ovechkin is hit by Jordan Eberle and loses puck.
7:33 of 3rd period - Leon Draisaitl is hit by Ian Cole and loses puck.
8:36 of 3rd period - Snap shot by Jordan Eberle.
8:36 of 3rd period - Goal by Jordan Eberle - Washington Capitals : 5 - Pittsburgh Penguins : 4.
8:37 of 3rd period - Leon Draisaitl wins face-off versus Mikael Backlund in neutral zone.
9:10 of 3rd period - Slapshot by Fabian Zetterlund.
9:10 of 3rd period - Stopped by Jordan Binnington without a rebound.
9:11 of 3rd period - Phillip Danault wins face-off versus Nick Foligno in Pittsburgh Penguins zone.
9:38 of 3rd period - Wrist shot by Alex Ovechkin.
9:38 of 3rd period - Stopped by Jordan Binnington without a rebound.
9:39 of 3rd period - Nico Hischier wins face-off versus Jean-Gabriel Pageau in Pittsburgh Penguins zone.
9:48 of 3rd period - Snap shot by Alex Ovechkin.
9:48 of 3rd period - Shot Misses the Net.
10:16 of 3rd period - Minor Penalty to Leon Draisaitl for Tripping.
10:17 of 3rd period - Jason Robertson wins face-off versus Jean-Gabriel Pageau in Pittsburgh Penguins zone.
10:51 of 3rd period - Snap shot by Drake Batherson.
10:51 of 3rd period - Stopped by Jordan Binnington without a rebound.
10:52 of 3rd period - Mitchell Marner wins face-off versus Nico Hischier in Pittsburgh Penguins zone.
10:52 of 3rd period - Mitchell Marner is hit by Thomas Harley.
12:16 of 3rd period - Penalty to Leon Draisaitl is over, Leon Draisaitl is back on ice.
12:28 of 3rd period - Thomas Harley is hit by James van Riemsdyk and loses puck.
13:10 of 3rd period - Alex Ovechkin is hit by Phillip Danault and loses puck.
13:19 of 3rd period - Slapshot by Blake Coleman.
13:19 of 3rd period - Shot Misses the Net.
13:21 of 3rd period - Slapshot by Erik Karlsson.
13:21 of 3rd period - Shot Blocked by Ian Cole.
14:13 of 3rd period - Erik Karlsson is hit by Jordan Kyrou and loses puck.
14:50 of 3rd period - Off-side.
14:51 of 3rd period - Nick Foligno wins face-off versus Gabriel Vilardi in neutral zone.
14:56 of 3rd period - Mark Giordano is hit by Fabian Zetterlund and loses puck.
15:03 of 3rd period - Snap shot by Jordan Kyrou.
15:03 of 3rd period - Shot Misses the Net.
16:49 of 3rd period - Wrist shot by Jason Robertson.
16:49 of 3rd period - Stopped by Jordan Binnington without a rebound.
16:50 of 3rd period - Michael McLeod wins face-off versus Jean-Gabriel Pageau in Pittsburgh Penguins zone.
16:53 of 3rd period - Snap shot by Yegor Chinakhov.
16:53 of 3rd period - Shot Blocked by Jordan Eberle.
17:28 of 3rd period - Slapshot by Alex Ovechkin.
17:28 of 3rd period - Shot Hit the Post.
17:31 of 3rd period - Icing by Erik Karlsson.
17:32 of 3rd period - Jordan Eberle wins face-off versus Nick Foligno in Pittsburgh Penguins zone.
17:32 of 3rd period - Jordan Eberle is hit by Nick Foligno.
18:00 of 3rd period - Wrist shot by Dylan Guenther.
18:00 of 3rd period - Stopped by Jake Oettinger with a rebound.
18:02 of 3rd period - Snap shot by Dylan Guenther.
18:02 of 3rd period - Stopped by Jake Oettinger without a rebound.
18:03 of 3rd period - Michael McLeod wins face-off versus Leon Draisaitl in Washington Capitals zone.
18:03 of 3rd period - Michael McLeod is hit by Leon Draisaitl.
18:19 of 3rd period - Slapshot by John Carlson.
18:19 of 3rd period - Stopped by Jordan Binnington with a rebound.
18:31 of 3rd period - Pittsburgh Penguins, Jordan Binnington is pulled from the net.
18:31 of 3rd period - Snap shot by Blake Coleman.
18:31 of 3rd period - Stopped by Jake Oettinger without a rebound.
18:32 of 3rd period - Nick Foligno wins face-off versus Phillip Danault in Washington Capitals zone.
18:59 of 3rd period - Pavel Buchnevich is hit by Mikael Backlund and loses puck.
19:04 of 3rd period - Slapshot by Brad Marchand.
19:04 of 3rd period - Goal by Brad Marchand - Washington Capitals : 6 - Pittsburgh Penguins : 4.
19:04 of 3rd period - Jordan Binnington from Pittsburgh Penguins was sent back in the game.
19:05 of 3rd period - Jean-Gabriel Pageau wins face-off versus Michael McLeod in neutral zone.
19:10 of 3rd period - Jordan Eberle is hit by Jamie Oleksiak and loses puck.
19:26 of 3rd period - Minor Penalty to Dylan Guenther for Interference.
19:27 of 3rd period - Nico Hischier wins face-off versus Mitchell Marner in Pittsburgh Penguins zone.
19:36 of 3rd period - Snap shot by Erik Karlsson.
19:36 of 3rd period - Stopped by Jake Oettinger without a rebound.
19:37 of 3rd period - Nico Hischier wins face-off versus Mitchell Marner in Washington Capitals zone.
19:54 of 3rd period - Wrist shot by Nico Hischier.
19:54 of 3rd period - Stopped by Jordan Binnington without a rebound.
19:55 of 3rd period - Leon Draisaitl wins face-off versus Jordan Kyrou in Pittsburgh Penguins zone.
Goals for this period are 1 for Washington Capitals vs 1 for Pittsburgh Penguins.
Shots for this period are 11 for Washington Capitals vs 9 for Pittsburgh Penguins.
Back to the Top